 Dungeon Crawl Stone Soup version 0.31-a0-851-g7ff8af7976 (webtiles) character file.

Game seed: 2288333639131594320

640560 justen the Conqueror (level 27, -6/273 HPs)
             Began as a Minotaur Fighter on Oct 4, 2023.
             Was a High Priest of Cheibriados.
             Killed from afar by a golden dragon (8 damage)
             ... with a bolt of cold
             ... on level 5 of the Realm of Zot on Oct 7, 2023.
             The game lasted 10:14:39 (91272 turns).

justen the Conqueror (Minotaur Fighter)            Turns: 91272, Time: 10:14:41

Health: -6/273     AC: 46    Str: 47    XL:     27
Magic:  8/31       EV: 34    Int: 23    God:    Cheibriados [*****.]
Gold:   4470       SH: 29    Dex: 33    Spells: 26/26 levels left

rFire   + + +        a - +9 broad axe (heavy)
rCold   + + +        L - +4 kite shield {AC+3}
rNeg    + + +        H - +10 gold dragon scales
rPois   +            X - +3 crown of Dyrovepreva {rElec Int+2 SInv}
rElec   +            V - scarf {rC+ rF+}
rCorr   .            u - +1 pair of gloves of Ahoos {rF+ Dex+2 Slay+3}
SInv    +            S - +1 pair of boots
Will    +....        n - amulet "Buthremi" {Reflect rElec Slay+2 SH+5} Stlth
                     l - ring of Cehoc {Contam rN+++ Will+ EV+5 Stlth-}
HPRegen 0.65/turn    r - ring "Leklin" {rPois rC+ Str+6 Dex+3}
MPRegen 0.22/turn

%: random rage (3%), reflection
@: mighty, about to teleport, weak-willed, on berserk cooldown, contaminated,
slowed, glowing, very slow
A: horns 2, retaliatory headbutt, berserk 1, fire resistance 1, low MP 1,
screaming 1, electricity resistance, weak 1, evolution 1, no potion heal 1,
inability to drink after injury 1
}: 3/15 runes: serpentine, barnacled, silver
a: Renounce Religion, Bend Time, Temporal Distortion, Slouch, Step From Time


You were on level 5 of the Realm of Zot.
You worshipped Cheibriados.
Cheibriados was extremely pleased with you.
You visited 14 branches of the dungeon, and saw 59 of its levels.
You also visited: Bailey, Gauntlet and Ice Cave.

You collected 7730 gold pieces.
You spent 3260 gold pieces at shops.

Inventory:

Hand Weapons
 a - a +9 heavy broad axe (weapon)
 b - a +4 hand cannon of electrocution
 f - a +5 war axe of flaming
 i - a +8 heavy battleaxe
Missiles
 j - 50 boomerangs (quivered)
 p - 11 poisoned darts
 v - 6 silver javelins
 R - 13 javelins
 Y - 6 atropa-tipped darts
Armour
 t - the +1 robe of Vines {NoPotionHeal Regen++++}
   (You found it on level 4 of the Lair of Beasts)

   NoPotionHeal: Its wearer cannot be healed by potions.
   Regen++++: It increases your rate of health regeneration.
 u - the +1 pair of gloves of Ahoos (worn) {rF+ Dex+2 Slay+3}
   (You bought it in a shop on level 2 of the Orcish Mines)

   Dex+2:     It affects your dexterity (+2).
   Slay+3:    It affects your accuracy & damage with ranged weapons and melee
   (+3).
   rF+:       It protects you from fire.
 H - +10 gold dragon scales (worn)
 L - a +4 kite shield of protection (worn)
 S - a +1 pair of boots (worn)
 V - a scarf of resistance (worn)
 W - a +0 cloak of preservation
 X - the +3 crown of Dyrovepreva (worn) {rElec Int+2 SInv}
   (You bought it in a shop on level 3 of the Vaults)

   Int+2:     It affects your intelligence (+2).
   rElec:     It insulates you from electricity.
   SInv:      It lets you see invisible.
Jewellery
 c - an amulet of regeneration
 l - the ring of Cehoc (left hand) {Contam rN+++ Will+ EV+5 Stlth-}
   (You acquired it on level 6 of the Dungeon)

   [ring of evasion]

   EV+5:      It affects your evasion (+5).
   rN+++:     It renders you almost immune to negative energy.
   Will+:     It increases your willpower.
   Contam:    It causes magical contamination when unequipped.
   Stlth-:    It makes you less stealthy.
 m - a ring of flight
 n - the amulet "Buthremi" (around neck) {Reflect rElec Slay+2 SH+5}
   (You acquired it on level 1 of the Tomb of the Ancients)

   [amulet of reflection]

   Reflect:   It reflects blocked missile attacks.
   Slay+2:    It affects your accuracy & damage with ranged weapons and melee
   (+2).
   rElec:     It insulates you from electricity.
   SH+5:      It affects your SH (+5).
 r - the ring "Leklin" (right hand) {rPois rC+ Str+6 Dex+3}
   (You found it on level 5 of the Lair of Beasts)

   [ring of strength]

   Str+6:     It affects your strength (+6).
   Dex+3:     It affects your dexterity (+3).
   rC+:       It protects you from cold.
   rPois:     It protects you from poison
Wands
 h - a wand of digging (12)
 o - a wand of iceblast (29)
 J - a wand of polymorph (29)
 M - a wand of paralysis (43)
 N - a wand of flame (102)
 P - a wand of acid (15)
 Q - a wand of mindburst (19)
Scrolls
 k - 14 scrolls of teleportation
 s - a scroll of vulnerability
 w - 4 scrolls of blinking
 y - 2 scrolls of amnesia
 z - 17 scrolls of identify
 B - a scroll of fear
 C - a scroll of enchant weapon
 E - 4 scrolls of revelation
 G - 6 scrolls of fog
 K - a scroll of butterflies
Potions
 e - 19 potions of curing
 g - 8 potions of heal wounds
 q - 9 potions of might
 x - a potion of lignification
 A - 4 potions of resistance
 D - 3 potions of cancellation
 F - 4 potions of invisibility
 T - 7 potions of berserk rage
Miscellaneous
 d - the horn of Geryon


   Skills:
 O Level 27 Fighting
 O Level 27 Axes
 + Level 13.4 Ranged Weapons
 - Level 6.0 Throwing
 + Level 23.0 Armour
 + Level 19.3 Dodging
 + Level 10.4 Stealth
 + Level 21.8 Shields
 + Level 18.2 Invocations
 + Level 12.0 Evocations
 - Level 5.0 Shapeshifting


You had 26 spell levels left.
You didn't know any spells.
Your spell library contained the following spells:

 Spells                   Type           Power      Damage    Failure   Level
 Apportation              Tloc           0%         N/A       54%         1
 Kiss of Death            Conj/Necr      0%         2d5       54%         1
 Magic Dart               Conj           0%         1d3       54%         1
 Necrotise                Necr           0%         1d4       54%         1
 Sting                    Tmut/Pois      0%         1d3       54%         1
 Summon Small Mammal      Summ           0%         N/A       54%         1
 Blink                    Tloc           0%         N/A       67%         2
 Ensorcelled Hibernation  Hex/Ice        0%         N/A       67%         2
 Lesser Beckoning         Tloc           0%         N/A       67%         2
 Passwall                 Tmut/Erth      0%         N/A       67%         2
 Poisonous Vapours        Pois/Air       0%         N/A       67%         2
 Scorch                   Fire           0%         2d5       67%         2
 Searing Ray              Conj           0%         2d4       67%         2
 Static Discharge         Conj/Air       0%         2-2/arc   67%         2
 Call Canine Familiar     Summ           0%         N/A       88%         3
 Confusing Touch          Hex            0%         N/A       88%         3
 Dazzling Flash           Conj/Hex       0%         N/A       88%         3
 Gell's Gravitas          Tloc           0%         N/A       88%         3
 Sigil of Binding         Hex            0%         N/A       88%         3
 Summon Guardian Golem    Hex/Summ       0%         N/A       88%         3
 Swiftness                Air            0%         N/A       88%         3
 Teleport Other           Tloc           0%         N/A       88%         3
 Tukima's Dance           Hex            0%         N/A       88%         3
 Vampiric Draining        Necr           0%         2d6       88%         3
 Volatile Blastmotes      Fire/Tloc      0%         2d10      88%         3
 Airstrike                Air            0%         2d(0-16)  99%         4
 Anguish                  Hex/Necr       0%         N/A       99%         4
 Animate Dead             Necr           0%         N/A       99%         4
 Brom's Barrelling Bould  Conj/Erth      0%         2d3       99%         4
 Cause Fear               Hex            0%         N/A       99%         4
 Dimensional Bullseye     Hex/Tloc       0%         N/A       99%         4
 Dispel Undead            Necr           0%         3d6       99%         4
 Fulminant Prism          Conj/Hex       0%         3d5       99%         4
 Iskenderun's Mystic Bla  Conj/Tloc      0%         2d3       99%         4
 Leda's Liquefaction      Hex/Erth       0%         N/A       99%         4
 Manifold Assault         Tloc           0%         N/A       99%         4
 Olgreb's Toxic Radiance  Pois           0%         N/A       99%         4
 Passage of Golubria      Tloc           0%         N/A       99%         4
 Summon Lightning Spire   Summ/Air       0%         N/A       99%         4
 Vhi's Electric Charge    Tloc/Air       0%         N/A       99%         4
 Agony                    Necr           0%         N/A       100%        5
 Arcjolt                  Conj/Air       0%         1d10      100%        5
 Fireball                 Conj/Fire      0%         3d3       100%        5
 Iskenderun's Battlesphe  Conj           0%         2d6       100%        5
 Yara's Violent Unravell  Hex/Tmut       0%         3d3       100%        5
 Bombard                  Conj/Erth      0%         9d1       100%        6
 Conjure Ball Lightning   Conj/Air       0%         3x3d6     100%        6
 Dispersal                Tloc           0%         N/A       100%        6
 Plasma Beam              Fire/Air       0%         2x1d10    100%        6
 Simulacrum               Ice/Necr       0%         N/A       100%        6
 Starburst                Conj/Fire      0%         6d3       100%        6
 Enfeeble                 Hex            0%         N/A       100%        7
 Haunt                    Necr/Summ      0%         N/A       100%        7
 Orb of Destruction       Conj           0%         9d5       100%        7
 Ozocubu's Refrigeration  Ice            0%         4d7       100%        7
 Spellforged Servitor     Conj/Summ      0%         N/A       100%        7
 Discord                  Hex            0%         N/A       100%        8
 Disjunction              Tloc           0%         N/A       100%        8
 Ignition                 Fire           0%         3d3       100%        8
 Infestation              Necr           0%         N/A       100%        8
 Maxwell's Capacitive Co  Air            0%         ∞         100%        8
 Summon Horrible Things   Summ           0%         N/A       100%        8
 Chain Lightning          Conj/Air       0%         N/A       100%        9
 Death's Door             Necr           0%         N/A       100%        9
 Dragon's Call            Summ           0%         N/A       100%        9
 Fire Storm               Conj/Fire      0%         5d1       100%        9
 Polar Vortex             Ice            0%         N/A       100%        9
 Shatter                  Erth           0%         3d5*      100%        9


Dungeon Overview and Level Annotations

Branches:
Dungeon (15/15)            Temple (1/1) D:4            Lair (5/5) D:10
 Shoals (4/4) Lair:2        Snake (4/4) Lair:3        Slime (5/5) Lair:5
    Orc (2/2) D:9             Elf (3/3) Orc:2        Vaults (5/5) D:14
  Crypt (3/3) Vaults:2       Tomb (2/3) Crypt:3      Depths (4/4) D:15
   Hell (visited)             Dis (0/7) Hell            Geh (0/7) Hell
    Coc (0/7) Hell            Tar (0/7) Hell            Zot (5/5) Depths:4
 Bailey (visited)           IceCv (visited)         Gauntlet (visited)

Altars:
Ashenzari
Cheibriados
Dithmenos
Elyvilon
Fedhas
Gozag
Hepliaklqana
Kikubaaqudgha
Makhleb
Nemelex Xobeh
Okawaru
Qazlal
Ru
Sif Muna
Trog
Uskayaw
Vehumet
Wu Jian
Xom
Yredelemnul
Zin
The Shining One
Jiyva
Lugonu

Shops:
D:2 =   D:6 ?   D:8 =(**[   Orc:2 [(!=   Elf:3 !   Shoals:1 (   Vaults:1 *
Vaults:3 [?

Portals:
Hell: Depths:1 Depths:2 Depths:3 Depths:4
Abyss: Depths:3
Pandemonium: Depths:2
Ziggurat: Depths:3

Annotations:
D:8 Stash
Depths:3 3 runed translucent doors, Feloef's ghost, veteran GnWn


Innate Abilities, Weirdness & Mutations

You have a pair of horns on your head.
You reflexively headbutt those who attack you in melee.
You sometimes lose your temper in combat.
Your flesh is heat resistant. (rF+)
Your magical capacity is low. (-10% MP)
You occasionally shout uncontrollably at your foes.
You are resistant to electric shocks. (rElec)
You are weak. (Str -2)
You have hidden genetic potential.
Potions are less effective at restoring your health.
You occasionally lose the ability to drink potions when taking damage.


Message History

The dread lich touches you but does no damage.
You block the ancient lich's attack.
The Killer Klown blinks!
The dread lich gestures at you while chanting.
You resist with some effort.
The Ice Fiend calls on the powers of darkness!
The Orb Guardian convulses!
Your body is wracked with pain!
* * * LOW HITPOINT WARNING * * *
The white draconian convulses!
The Orb Guardian convulses!
The golden dragon convulses!
The green draconian monk convulses!
The red draconian convulses!
The purple draconian convulses!
The Orb Guardian convulses! x2; The shadow dragon convulses!
The red draconian convulses!
The Killer Klown convulses!
You block the ancient lich's attack.
The dread lich casts a spell.
The dread lich seems to speed up.
You slice the dread lich!!
You destroy the dread lich!
Cheibriados appreciates the change of pace.
You completely miss the ancient lich.
The ancient lich touches you but does no damage.
The curse toe gestures.
The Executioner gestures.
The Executioner seems to speed up.
The dread lich touches you but does no damage.
The ancient lich gestures at you while chanting.
The crystal spear hits you!!
* * * LOW HITPOINT WARNING * * *
You slice the dread lich like a ripe choko!!!
You headbutt the dread lich!!
The dread lich is almost destroyed.
You slash the ancient lich!
You destroy the ancient lich!
Cheibriados appreciates the change of pace.
You hear a loud "Zot"!
The power of Zot is invoked against you!
Your willpower is stripped away!
The dread lich casts a spell.
The golden dragon breathes cold at you.
The bolt of cold hits the dread lich.
The dread lich resists.
The bolt of cold hits the Ice Fiend.
The Ice Fiend completely resists.
The bolt of cold hits you! You resist.
You die...

'### #)#.######.#.^...#
###. ...#
#........#.#.....# #.
~~.######'####.#.#.....#
####'
#≈..........##.#.#.....#
#.<..
#~..........'....'.....##
#....
~~..........###.##......#
#.... ............#
#.#.....#.# #....
###########▓▓
▓########)########▓
#@LLL1X^.......^#
##1LXddp†......#
#fqD1.....^...#
##XXd.p......##
#pDzz...^...#
##d2○°.......##
#..2.§..○.....#
##......)......##
##...............##


You could see 3 Killer Klowns, a shadow dragon, a green draconian monk, a golden
dragon (catching breath), 2 ancient liches, 2 dread liches, 2 Ice Fiends, a
purple draconian, 2 draconians, a white draconian, a curse toe, a death cob
(summoned), 4 Orb Guardians, an Executioner (summoned, fast), a blizzard demon
(summoned), a shadow demon (summoned) and a wandering mushroom (summoned).

Vanquished Creatures
  3 dread liches
  5 ancient liches
  Mara (Vaults:3)
  3 orbs of fire (Zot:5)
  A juggernaut (Depths:3)
  Sojobo (Depths:3)
  A royal mummy (Tomb:1)
  Parghit (Depths:3)
  Vv (Depths:3)
  Boris (Depths:3)
  5 Killer Klowns
  Xtahua (Crypt:2)
  A caustic shrike (Depths:3)
  A curse toe (Zot:4)
  Geryon (Hell)
  Jory (Depths:3)
  10 golden dragons
  Norris (Elf:1)
  A profane servitor (Crypt:3)
  A bone dragon (Crypt:3)
  The ghost of Emoisch the Slayer, an adept MiFi of Okawaru (Zot:1)
  A hellephant (Hell)
  An electric golem (Zot:4)
  A shard shrike zombie (Crypt:3)
  16 tentacled monstrosities
  Asterion (Snake:1)
  Zenata (Vaults:2)
  12 liches
  A walking earthen tome (Depths:2)
  12 Orb Guardians (Zot:5)
  6 titans
  8 quicksilver dragons
  2 deep elf master archers (Elf:3)
  5 deep elf blademasters
  Polyphemus (Shoals:3)
  8 sphinxes
  6 acid blobs
  11 death cobs
  3 krakens
  4 ancient champions
  13 shadow dragons
  8 storm dragons
  7 draconian monks
  10 tengu reavers
  6 rockslimes
  Donald (Snake:3)
  12 nagarajas (Snake:4)
  Aizul (Snake:3)
  3 revenants
  6 azure jellies
  10 fire giants
  5 draconian knights
  12 draconian scorchers
  8 frost giants
  2 balrugs
  19 vault wardens
  A caustic shrike zombie (Crypt:3)
  11 ghouls
  Louise (D:14)
  3 deep elf elementalists (Elf:3)
  4 ghost moths
  7 deep elf sorcerers
  14 ironbound preservers
  4 orc warlords
  4 draconian annihilators
  2 curse skulls (Vaults:1)
  3 reapers (Hell)
  11 very ugly things
  8 draconian stormcallers
  5 draconian shifters
  A cacodemon (Depths:2)
  4 spriggan defenders
  6 formless jellyfish
  5 war gargoyles
  A juggernaut skeleton (Depths:1)
  12 stone giants
  10 green draconians
  7 quicksilver oozes
  10 ironbound thunderhulks
  8 vampire knights
  A caustic shrike skeleton (Depths:1)
  9 black draconians
  17 yellow draconians
  4 deep elf demonologists
  14 dire elephants
  A minotaur (Gauntlet)
  A rockslime zombie (Crypt:1)
  2 deep elf annihilators (Elf:3)
  8 white draconians
  14 red draconians
  4 bennus (Tomb:2)
  A dire elephant (shapeshifter) (Vaults:5)
  9 eidola
  13 purple draconians
  13 ettins
  The ghost of CowFu the Grappler, a journeyman DrSh of Hepliaklqana (Lair:2)
  11 merfolk impalers
  8 mummy priests
  3 crystal guardians
  A jiangshi (Crypt:2)
  4 merfolk javelineers
  12 deep elf death magi
  Josephine (Orc:2)
  6 fire dragons
  A green death (Hell)
  A kraken zombie (Hell)
  20 yaktaur captains
  8 ice dragons
  6 deep elf high priests
  2 spriggan zombies
  4 rakshasas
  6 great orbs of eyes
  7 entropy weavers
  A fenstrider witch zombie (Crypt:3)
  13 hydras
  5 salamander tyrants
  34 vault guards
  4 peacekeepers
  5 catoblepae
  2 spriggan air magi (Depths:1)
  A radroach (shapeshifter) (Vaults:5)
  12 anacondas
  The ghost of elongatedgoose the Fighter, a novice MiFi of Okawaru (D:10)
  13 ironbound frosthearts
  3 merfolk avatars
  12 centaur warriors
  3 merfolk aquamancers (Shoals:4)
  17 two-headed ogres
  8 death yaks
  23 dancing weapons
  6 boulder beetles
  3 vampire magi
  4 hell hogs
  5 death knights
  6 death scarabs (Tomb:2)
  2 satyrs
  An alligator snapping turtle (Shoals:1)
  15 naga warriors
  A sphinx skeleton (Depths:1)
  9 deep troll earth magi
  2 deep troll shamans (Depths:3)
  6 shock serpents
  6 orc high priests
  5 tengu warriors
  A titan zombie (Crypt:1)
  Urug (Lair:2)
  17 hell knights
  6 naga sharpshooters
  7 salamander mystics
  7 sun demons (Hell)
  Sonja (D:10)
  8 skysharks
  6 soul eaters
  19 deep elf knights
  2 spriggans (Depths:3)
  41 skeletal warriors
  A titan skeleton (Depths:1)
  8 iron trolls
  2 shadow wraiths (Hell)
  An anaconda zombie (Hell)
  Lodul (D:10)
  4 storm dragon skeletons
  5 flayed ghosts
  10 sea snakes
  32 deep trolls
  A sixfirhy (Depths:2)
  A bunyip zombie (Crypt:3)
  10 naga ritualists
  23 ironbound convokers
  10 wizards
  The ghost of epsilonplus the Cleaver, a novice MiFi of Okawaru (D:6)
  2 bog bodies
  11 lindwurms
  5 glowing orange brains
  18 deep elf zephyrmancers
  10 orc knights
  2 anaconda skeletons (Hell)
  15 deep elf archers
  29 phantasmal warriors
  31 deep elf pyromancers
  21 harpies
  A lindwurm (shapeshifter) (Vaults:5)
  5 fauns (Shoals:1)
  14 necromancers
  A shadow dragon skeleton (Crypt:1)
  A faun (shapeshifter) (Vaults:5)
  10 mana vipers
  An alligator zombie (Hell)
  A spectral deep troll (Depths:1)
  4 oklob plants (Lair:4)
  3 orc sorcerers
  29 ugly things
  3 shining eyes
  A tengu skeleton (Depths:1)
  8 cyclopes
  4 elephants (Lair:4)
  6 centaur zombies
  22 moths of wrath
  2 dire elephant zombies (Crypt:3)
  9 merfolk sirens
  3 iron dragon skeletons
  15 salamanders
  6 guardian serpents
  2 ice statues
  19 manticores
  31 black mambas
  2 stone giant skeletons (Depths:1)
  28 vault sentinels
  4 fire giant skeletons
  5 gargoyles
  14 cane toads
  3 naga zombies
  5 molten gargoyles (Hell)
  12 naga magi
  2 torpor snails
  An eye of devastation (Slime:1)
  6 water nymphs
  3 orange demons (Depths:2)
  4 smoke demons
  Maggie (Lair:2)
  2 minotaur zombies (Gauntlet)
  37 yaktaurs
  A large abomination (Gauntlet)
  A catoblepas zombie (Crypt:1)
  2 centaur skeletons
  2 hellions (Hell)
  3 unseen horrors
  3 rime drakes
  6 tengu conjurers
  4 anaconda simulacra
  3 kobold demonologists
  21 freezing wraiths
  2 sea snake skeletons (Hell)
  4 komodo dragons
  Jeremiah (D:9)
  2 harpy zombies (Crypt:3)
  10 ice devils
  19 guardian mummies
  2 polar bears (Lair:2)
  A tyrant leech (Gauntlet)
  4 hornets
  30 merfolk
  3 red devils
  2 harpy skeletons (Hell)
  6 trolls
  3 hydra skeletons (Hell)
  20 blink frogs
  An ettin zombie (Crypt:3)
  4 wind drakes (Shoals:4)
  10 snapping turtles
  A tarantella (Vaults:2)
  A great orb of eyes zombie (Crypt:1)
  16 dream sheep
  91 slime creatures
  13 flying skulls
  14 water elementals
  19 wraiths
  A culicivora (Vaults:4)
  3 wyverns
  An ice dragon skeleton (Crypt:2)
  A wind drake zombie (Crypt:2)
  4 ushabtiu
  A shadow (D:11)
  3 vampires
  2 ynoxinuls (Depths:2)
  2 air elementals
  2 dire elephant simulacra (IceCv)
  3 fire bats (Gauntlet)
  6 redbacks
  A steam dragon (D:9)
  19 golden eyes
  A sea snake simulacrum (Hell)
  5 basilisks
  8 humans (D:14)
  104 yaks
  3 fire elementals
  6 small abominations (Gauntlet)
  13 vampire mosquitoes
  5 death yak simulacra (IceCv)
  A merfolk zombie (Crypt:1)
  4 acid dragons
  2 harpy simulacra (IceCv)
  36 nagas
  3 wargs
  4 swamp worms (Gauntlet)
  A fire bat skeleton (Crypt:2)
  Duvessa (D:7)
  3 glowing shapeshifter skeletons (Depths:1)
  20 water moccasins
  A demonspawn skeleton (Crypt:2)
  A floating eye (Slime:2)
  10 hell hounds
  2 human skeletons (Depths:1)
  63 orc warriors
  4 black bears
  An ice beast (D:5)
  14 ogres
  10 wolves
  A hornet zombie (Crypt:2)
  6 boggarts
  16 centaurs
  A phantom (D:5)
  A vine stalker zombie (Crypt:2)
  A kobold brigand (D:9)
  15 bullfrogs
  17 necrophages
  2 gnoll sergeants
  2 earth elementals (Elf:1)
  A draconian skeleton (Crypt:2)
  2 scorpions
  5 cane toad simulacra (IceCv)
  6 wyvern skeletons (Crypt:3)
  7 killer bees
  Dowan (D:7)
  2 elephant simulacra (IceCv)
  8 spriggan skeletons
  A troll skeleton (Crypt:2)
  11 electric eels
  5 howler monkeys
  A wolf skeleton (Crypt:1)
  2 hounds
  A gnoll bouda (D:4)
  Crazy Yiuf (D:7)
  A jelly (D:6)
  42 orc priests
  2 iguanas
  2 sleepcaps (D:6)
  24 orc wizards
  4 polar bear simulacra (IceCv)
  A troll simulacrum (IceCv)
  A spriggan simulacrum (IceCv)
  4 wolf simulacra (IceCv)
  A boggart skeleton (Crypt:1)
  16 mummies
  Robin (D:2)
  23 gnolls
  An adder (D:6)
  4 white imps
  4 ufetubi
  2 worms (D:2)
  4 dart slugs
  93 orcs
  4 bats (D:1)
  8 endoplasms
  3 giant cockroaches
  23 goblins
  11 hobgoblins
  29 kobolds
  4 quokkas
  15 ball pythons
  4 frilled lizards
  A gnoll skeleton (Crypt:1)
  A goblin zombie (Crypt:1)
  5 rats
  A spectral orc (D:8)
  8 tentacles
2711 creatures vanquished.

Vanquished Creatures (others)
  A draconian knight (Zot:3)
  A white draconian (Zot:4)
  An ogre mage (Vaults:1)
  A deep elf zephyrmancer (Elf:3)
  A deep elf pyromancer (Elf:1)
  A vampire mosquito (D:12)
  A mummy (Tomb:2)
  A butterfly (D:8)
  35 tentacles
43 creatures vanquished.

Grand Total: 2754 creatures vanquished

Notes
Turn   | Place    | Note
-------+----------+-------------------------------------------
     0 | D:1      | justen the Minotaur Fighter began the quest for the Orb.
     0 | D:1      | Reached XP level 1. HP: 19/19 MP: 0/0
   417 | D:1      | Reached XP level 2. HP: 27/27 MP: 1/1
   981 | D:2      | Reached XP level 3. HP: 28/33 MP: 2/2
  1104 | D:2      | Found Qomnedd's Jewellery Shoppe.
  1194 | D:2      | Noticed Robin
  1207 | D:2      | Killed Robin
  1340 | D:2      | Found a faded altar of an unknown god.
  1453 | D:2      | Reached XP level 4. HP: 38/41 MP: 3/3
  2300 | D:3      | Found an ornate altar of the Wu Jian Council.
  2537 | D:4      | Noticed a scorpion
  2593 | D:3      | Killed a scorpion
  2594 | D:3      | Reached XP level 5. HP: 47/47 MP: 4/4
  2635 | D:4      | Reached skill level 5 in Fighting
  2635 | D:4      | Reached skill level 1 in Dodging
  2647 | D:4      | Reached skill level 1 in Ranged Weapons
  2996 | D:4      | Reached skill level 1 in Throwing
  2996 | D:4      | Reached XP level 6. HP: 56/56 MP: 5/5
  3018 | D:4      | Reached skill level 1 in Evocations
  3039 | D:4      | Found a staircase to the Ecumenical Temple.
  3047 | Temple   | Entered the Ecumenical Temple
  3062 | Temple   | Became a worshipper of Cheibriados the Contemplative
  3138 | D:4      | Found a sparkling altar of Nemelex Xobeh.
  3660 | D:4      | Reached skill level 5 in Axes
  3662 | D:4      | Reached XP level 7. HP: 60/62 MP: 6/6
  3746 | D:4      | Noticed a two-headed ogre
  3775 | D:4      | Reached * piety under Cheibriados
  3818 | D:4      | Killed a two-headed ogre
  3819 | D:4      | Reached skill level 5 in Armour
  3819 | D:4      | Reached skill level 5 in Shields
  3819 | D:4      | Reached XP level 8. HP: 73/73 MP: 7/7
  3857 | D:4      | Identified the ring "Zurox" {rElec Will+ Int+6 Dex-5}
  4129 | D:5      | Entered Level 5 of the Dungeon
  4926 | D:5      | Found an ancient bone altar of Kikubaaqudgha.
  4928 | D:5      | Found a sacrificial altar of Ru.
  4928 | D:5      | Found a stormy altar of Qazlal.
  4930 | D:5      | Found a white marble altar of Elyvilon.
  4930 | D:5      | Found a shimmering altar of Xom.
  4930 | D:5      | Found a burning altar of Makhleb.
  4997 | D:5      | Reached ** piety under Cheibriados
  5366 | D:6      | Found a runed translucent door.
  5366 | D:6      | Noticed epsilonplus's ghost (novice MiFi)
  5436 | D:6      | Reached XP level 9. HP: 67/82 MP: 8/8
  5493 | D:6      | Found Ving's Magic Scroll Boutique.
  5505 | D:6      | Bought a scroll of blinking for 90 gold pieces
  5767 | D:6      | Found an opulent altar of Gozag.
  5770 | D:6      | Identified the +1 whip of Exchange {heavy, rPois rCorr}
  5800 | D:6      | Identified the ring "Filythet" {Fire Will+ MP+9 Dex+3}
  6231 | D:7      | Noticed Duvessa
  6231 | D:7      | Noticed Dowan
  6242 | D:7      | Killed Duvessa
  6252 | D:7      | Killed Dowan
  6253 | D:7      | Reached skill level 1 in Invocations
  6323 | D:7      | Found a flagged portal.
  6336 | Bailey   | Entered a bailey
  6485 | Bailey   | Reached *** piety under Cheibriados
  7135 | Bailey   | Acquired a manual of Fighting
  7347 | Bailey   | Found an iron altar of Okawaru.
  7347 | Bailey   | Noticed a kobold demonologist
  7347 | Bailey   | Noticed an orc high priest
  7353 | Bailey   | Noticed a rust devil
  7353 | Bailey   | Noticed a hellwing
  7370 | Bailey   | Noticed an orange demon
  7372 | Bailey   | Noticed a sixfirhy
  7380 | Bailey   | Noticed an ice devil
  7383 | Bailey   | Noticed a sixfirhy
  7383 | Bailey   | Killed a kobold demonologist
  7384 | Bailey   | Reached skill level 10 in Fighting
  7389 | Bailey   | Noticed a rust devil
  7389 | Bailey   | Noticed a soul eater
  7389 | Bailey   | Killed an orc high priest
  7390 | Bailey   | Reached XP level 10. HP: 54/94 MP: 9/11
  7605 | Bailey   | Identified the +1 chain mail "Fiarozas" {Rampage Fly rF+
                  | Int+3 Stlth-}
  7648 | Bailey   | Reached skill level 15 in Fighting
  7648 | Bailey   | Reached skill level 5 in Invocations
  7648 | Bailey   | Reached XP level 11. HP: 113/113 MP: 11/14
  7779 | D:7      | Reached **** piety under Cheibriados
  7780 | D:7      | Found an ancient bone altar of Kikubaaqudgha.
  7812 | D:7      | Found a runed translucent door.
  7813 | D:7      | Noticed Crazy Yiuf
  7821 | D:7      | Killed Crazy Yiuf
  8097 | D:7      | Found a hide-covered altar of Uskayaw.
  8098 | D:7      | Noticed a +0 hand axe
  8098 | D:7      | Noticed a +0 dagger
  8312 | D:8      | Found Tonuffeg's Jewellery Shop.
  8319 | D:8      | Found Kurituh's Antique Weapon Boutique.
  8460 | D:8      | Noticed a two-headed ogre
  8468 | D:8      | Killed a two-headed ogre
  8772 | D:8      | Reached ***** piety under Cheibriados
  8806 | D:8      | Noticed a two-headed ogre
  8814 | D:8      | Killed a two-headed ogre
  8876 | D:8      | Found a white marble altar of Elyvilon.
  8952 | D:8      | Found Ufietz's Antique Armour Shop.
  8985 | D:8      | Found Ocakh's General Store.
  9023 | D:8      | Found Vienusk's Assorted Antiques.
  9139 | D:8      | Found a basalt altar of Yredelemnul.
  9259 | D:9      | Noticed a two-headed ogre
  9273 | D:8      | Killed a two-headed ogre
  9585 | D:9      | Noticed Jeremiah
  9647 | D:9      | Killed Jeremiah
  9981 | D:9      | Reached XP level 12. HP: 72/122 MP: 14/16
 10554 | D:9      | Reached ****** piety under Cheibriados
 10841 | D:9      | Found a staircase to the Orcish Mines.
 10902 | D:9      | Found a stormy altar of Qazlal.
 11125 | D:10     | Entered Level 10 of the Dungeon
 11133 | D:10     | Found a staircase to the Lair.
 11175 | D:10     | Noticed a two-headed ogre
 11177 | D:10     | Killed a two-headed ogre
 11422 | D:10     | Found a runed translucent gate.
 11436 | D:10     | Found a runed translucent gate.
 11437 | D:10     | Found a runed translucent gate.
 11437 | D:10     | Noticed elongatedgoose's ghost (novice MiFi)
 11455 | D:10     | Noticed a two-headed ogre
 11458 | D:10     | Killed a two-headed ogre
 11511 | D:10     | Found an iron altar of Okawaru.
 11524 | D:10     | Found a bloodstained altar of Trog.
 11565 | D:10     | Noticed Lodul
 11582 | D:10     | Killed Lodul
 11809 | D:10     | Noticed Sonja
 11816 | D:10     | Killed Sonja
 11894 | D:10     | Found a radiant altar of Vehumet.
 11900 | D:10     | Noticed a two-headed ogre
 11907 | D:10     | Killed a two-headed ogre
 12704 | D:6      | Bought a scroll of teleportation for 36 gold pieces
 12704 | D:6      | Bought a scroll of teleportation for 36 gold pieces
 12834 | D:2      | Bought a ring of flight for 192 gold pieces
 13012 | Lair:1   | Entered Level 1 of the Lair of Beasts
 13322 | Lair:1   | Reached skill level 5 in Dodging
 13406 | Lair:1   | Identified the +6 long sword of the Sea {freeze, rElec rF-
                  | rN+ Will+}
 13990 | Lair:2   | Reached XP level 13. HP: 136/136 MP: 17/17
 14205 | Lair:2   | Found a transporter.
 14221 | Lair:2   | Noticed CowFu's ghost (journeyman DrSh)
 14222 | Lair:2   | Found a transporter.
 14231 | Lair:2   | Noticed Maggie
 14270 | Lair:2   | Killed Maggie
 14637 | Lair:2   | Reached skill level 10 in Armour
 14827 | Lair:2   | Found a staircase to the Shoals.
 14959 | Lair:2   | Noticed Urug
 14974 | Lair:2   | Killed Urug
 14975 | Lair:2   | Reached skill level 10 in Shields
 15464 | Lair:3   | Found a staircase to the Snake Pit.
 16134 | Lair:3   | Reached skill level 15 in Axes
 16702 | D:6      | Killed epsilonplus's ghost
 17482 | Lair:4   | Found the +1 robe of Vines {NoPotionHeal Regen++++}
 17816 | Lair:4   | Reached XP level 14. HP: 132/146 MP: 19/19
 18619 | Lair:4   | Upgraded the game from 0.31-a0-848-gaac375c287 to
                  | 0.31-a0-851-g7ff8af7976
 18630 | Lair:5   | Entered Level 5 of the Lair of Beasts
 18967 | Lair:5   | Found a viscous altar of Jiyva.
 18967 | Lair:5   | Found a staircase to the Slime Pits.
 20055 | Lair:5   | Identified the ring "Leklin" {rPois rC+ Str+6 Dex+3}
 20341 | Orc:1    | Entered Level 1 of the Orcish Mines
 20354 | Orc:1    | Noticed an orc warlord
 20394 | D:9      | Killed an orc warlord
 20395 | D:9      | Reached XP level 15. HP: 141/155 MP: 18/21
 20585 | Orc:1    | Found a frozen archway.
 20605 | IceCv    | Entered an ice cave
 20971 | IceCv    | Found an ancient bone altar of Kikubaaqudgha.
 21946 | Orc:2    | Entered Level 2 of the Orcish Mines
 22168 | Orc:2    | Found a staircase to the Elven Halls.
 22455 | Orc:2    | Noticed Josephine
 22461 | Orc:2    | Killed Josephine
 22576 | Orc:2    | Reached skill level 10 in Invocations
 23265 | Orc:2    | Found Zeles's Jewellery Emporium.
 23265 | Orc:2    | Found Humpy's Distillery.
 23266 | Orc:2    | Found Deduf's Weapon Shoppe.
 23266 | Orc:2    | Found Peic's Antique Armour Emporium.
 23279 | Orc:2    | Bought a pair of dazzling gloves for 237 gold pieces
 23279 | Orc:2    | Identified the +1 pair of gloves of Ahoos {rF+ Dex+2
                  | Slay+3} (You bought it in a shop on level 2 of the Orcish
                  | Mines)
 23626 | Snake:1  | Entered Level 1 of the Snake Pit
 23908 | Snake:1  | Noticed Asterion
 24008 | Snake:1  | Killed Asterion
 24009 | Snake:1  | Reached skill level 1 in Stealth
 24375 | Snake:1  | Reached XP level 16. HP: 136/165 MP: 16/22
 25215 | Snake:2  | Reached skill level 10 in Dodging
 26226 | D:6      | Bought a scroll of acquirement for 624 gold pieces
 26226 | D:6      | Bought a scroll of enchant armour for 90 gold pieces
 26227 | D:6      | Acquired the ring of Cehoc {Contam rN+++ Will+ EV+5 Stlth-}
 26658 | Snake:3  | Noticed Donald
 26674 | Snake:3  | Noticed Aizul
 26675 | Snake:3  | Killed Donald
 26683 | Snake:3  | Killed Aizul
 27328 | Snake:3  | Identified the +3 dagger "Jyshal" {freeze, Dex+2}
 27681 | Snake:4  | Entered Level 4 of the Snake Pit
 29438 | Snake:4  | Reached XP level 17. HP: 119/173 MP: 16/24
 30701 | Snake:4  | Got a serpentine rune of Zot
 31163 | Shoals:1 | Entered Level 1 of the Shoals
 31384 | Shoals:1 | Noticed a kraken
 31454 | Shoals:1 | Killed a kraken
 31586 | Shoals:1 | Found Doilen's Weapon Shop.
 34929 | Shoals:3 | Noticed Polyphemus
 34956 | Shoals:3 | Killed Polyphemus
 35151 | Shoals:3 | Noticed a kraken
 35159 | Shoals:3 | Killed a kraken
 35165 | Shoals:3 | Reached XP level 18. HP: 183/183 MP: 26/26
 35584 | Shoals:4 | Entered Level 4 of the Shoals
 35897 | Shoals:4 | Reached skill level 15 in Armour
 36153 | Shoals:4 | Acquired a manual of Axes
 36647 | Shoals:4 | Identified the +1 leather armour of Rengaamo {*Corrode rF+
                  | rN+}
 36712 | Shoals:4 | Reached skill level 15 in Shields
 36828 | Shoals:4 | Got a barnacled rune of Zot
 37582 | Elf:1    | Entered Level 1 of the Elven Halls
 38222 | Elf:1    | Noticed Norris
 38236 | Elf:1    | Killed Norris
 39266 | Elf:2    | Paralysed by an air elemental for 1 turns
 39458 | Elf:2    | Reached skill level 5 in Evocations
 39752 | Elf:2    | Reached XP level 19. HP: 193/193 MP: 27/27
 40013 | Elf:2    | Found a huge runed translucent gate.
 40013 | Elf:2    | Found a huge runed translucent gate.
 40013 | Elf:2    | Found a huge runed translucent gate.
 40017 | Elf:2    | Found a huge runed translucent gate.
 40021 | Elf:2    | Found a huge runed translucent gate.
 41296 | Elf:3    | Entered Level 3 of the Elven Halls
 41296 | Elf:3    | Found Veckaedd's Distillery.
 41737 | Elf:3    | Paralysed by an air elemental for 1 turns
 41998 | Elf:3    | Identified the +5 rapier of Ruination {heavy, Dex+3 Stlth-}
 41998 | Elf:3    | Identified the ring of Equilibrium {Ice rCorr Dex+4 Slay+2}
 42292 | Elf:3    | Identified the ring of Ziohoj {rPois rC+ Int+3 SInv}
 42953 | Elf:3    | Identified the ring "Ufaplics" {rPois MP+9 Str-4 Int+2}
 43921 | Elf:3    | Bought a potion of curing for 39 gold pieces
 43921 | Elf:3    | Bought a potion of curing for 39 gold pieces
 44267 | Elf:3    | Got a dog-eared book
 44301 | Elf:3    | Identified the +1 short sword of Extinguishment {vamp,
                  | Int+2}
 44305 | Elf:3    | Identified the +1 helmet of the Journeyman {rPois rF+}
 44333 | Elf:3    | Identified the ring of Thoughtfulness {rF+ rCorr}
 44338 | Elf:3    | Identified the +10 sling "Waunef" {speed, rF++ Int+4}
 44342 | Elf:3    | Identified the +11 quick blade "Juocoit" {flame, rElec
                  | Str-2 Int+2}
 45067 | Slime:1  | Entered Level 1 of the Pits of Slime
 45075 | Slime:1  | Gained mutation: You occasionally shout uncontrollably at
                  | your foes. [a shining eye]
 45088 | Slime:1  | Gained mutation: Your magical capacity is low. (-10% MP) [a
                  | shining eye]
 45514 | Slime:1  | You fall into a shaft and drop 1 floor!
 46882 | Slime:2  | Reached XP level 20. HP: 199/202 MP: 26/26
 46885 | Slime:2  | Paralysed by a floating eye for 2 turns
 47728 | Slime:4  | Gained mutation: Your spells are a little easier to cast,
                  | but a little less powerful. [a shining eye]
 48028 | Slime:5  | Entered Level 5 of the Pits of Slime
 48055 | Slime:5  | Gained mutation: You sometimes lose your temper in combat.
                  | [a shining eye]
 49331 | Elf:3    | Bought a potion of mutation for 104 gold pieces
 49333 | Elf:3    | Lost mutation: Your spells are a little easier to cast, but
                  | a little less powerful. [potion of mutation]
 49333 | Elf:3    | Lost mutation: You sometimes lose your temper in combat.
                  | [potion of mutation]
 49333 | Elf:3    | Gained mutation: Your magical capacity is very low. (-20%
                  | MP) [potion of mutation]
 49333 | Elf:3    | Gained mutation: You are resistant to electric shocks.
                  | (rElec) [potion of mutation]
 49928 | D:12     | Got a sooty book
 50353 | D:12     | Reached skill level 5 in Ranged Weapons
 50353 | D:12     | Found a runed translucent door.
 50354 | D:12     | Found a runed translucent door.
 50368 | D:12     | Found a runed translucent door.
 50716 | D:10     | Killed elongatedgoose's ghost
 50764 | D:10     | Identified the +1 pair of gloves "Ypret" {Contam Str+6}
 50887 | Lair:2   | Killed CowFu's ghost
 51092 | D:12     | Reached skill level 5 in Throwing
 51601 | D:13     | Found a shimmering blue altar of Sif Muna.
 51679 | D:13     | Found a gate leading to a gauntlet.
 51692 | Gauntlet | Entered a Gauntlet
 51692 | Gauntlet | Found a transporter.
 51700 | Gauntlet | Found a transporter.
 51704 | Gauntlet | Found a transporter.
 51713 | Gauntlet | Found a transporter.
 51717 | Gauntlet | Found a transporter.
 51725 | Gauntlet | Found a transporter.
 51729 | Gauntlet | Found a transporter.
 51737 | Gauntlet | Found a transporter.
 51741 | Gauntlet | Found a transporter.
 51752 | Gauntlet | Found a transporter.
 51779 | Gauntlet | Found a transporter.
 51791 | Gauntlet | Found a transporter.
 51804 | Gauntlet | Found a transporter.
 51817 | Gauntlet | Found a transporter.
 53083 | D:13     | You fall into a shaft and drop 2 floors!
 53083 | D:15     | Entered Level 15 of the Dungeon
 53270 | D:14     | Found a gate to the Vaults.
 53607 | D:14     | Noticed Louise
 53618 | D:14     | Killed Louise
 54494 | Vaults:1 | Entered Level 1 of the Vaults
 55145 | Vaults:1 | Found Icouzaot's General Store.
 55148 | Vaults:1 | Bought a wand of iceblast (2) for 81 gold pieces
 55148 | Vaults:1 | Bought a scroll of identify for 34 gold pieces
 55148 | Vaults:1 | Bought 2 scrolls of identify for 68 gold pieces
 55148 | Vaults:1 | Bought a scroll of teleportation for 51 gold pieces
 55148 | Vaults:1 | Bought a wand of iceblast (4) for 163 gold pieces
 55148 | Vaults:1 | Bought a wand of flame (15) for 178 gold pieces
 55148 | Vaults:1 | Bought a scroll of identify for 34 gold pieces
 55199 | Vaults:1 | Reached skill level 5 in Stealth
 55367 | Vaults:1 | Reached XP level 21. HP: 183/212 MP: 21/24
 56081 | Vaults:1 | Noticed an ancient lich
 56093 | Vaults:1 | Killed an ancient lich
 56279 | Vaults:1 | Identified the staff "Taidgh" {Will+ Str+3 Int+2 Conj}
 56639 | Vaults:2 | Found a staircase to the Crypt.
 57267 | Vaults:2 | Noticed Zenata
 57276 | Vaults:2 | Killed Zenata
 58943 | D:15     | Found a staircase to the Depths.
 58974 | D:15     | Found a sacrificial altar of Ru.
 59917 | Vaults:3 | Reached XP level 22. HP: 224/224 MP: 25/25
 60035 | Vaults:3 | Found Nofym's Armour Boutique.
 60041 | Vaults:3 | Bought the +3 crown of Dyrovepreva {rElec Int+2 SInv} for
                  | 703 gold pieces
 60041 | Vaults:3 | Found the +3 crown of Dyrovepreva {rElec Int+2 SInv}
 60056 | Vaults:3 | Reached skill level 15 in Dodging
 60086 | Vaults:3 | Found Zieheph's Magic Scroll Shop.
 60094 | Vaults:3 | Bought a scroll of identify for 42 gold pieces
 60094 | Vaults:3 | Bought a scroll of brand weapon for 199 gold pieces
 60094 | Vaults:3 | Bought a scroll of enchant armour for 157 gold pieces
 60094 | Vaults:3 | Bought a scroll of teleportation for 63 gold pieces
 60265 | Vaults:3 | Noticed Mara
 60269 | Vaults:3 | Noticed justen's illusion
 60278 | Vaults:3 | Killed Mara
 61448 | Vaults:4 | Reached skill level 15 in Invocations
 62428 | Vaults:5 | Entered Level 5 of the Vaults
 62907 | Crypt:1  | Entered Level 1 of the Crypt
 62930 | Crypt:1  | Identified the +7 orcbow of the Endless Expanse {heavy, rF-
                  | Dex+4 SInv}
 63871 | Crypt:2  | Noticed Xtahua
 63880 | Crypt:2  | Killed Xtahua
 64382 | Crypt:3  | Entered Level 3 of the Crypt
 64587 | Crypt:3  | Got an unusual book
 64683 | Crypt:3  | Reached XP level 23. HP: 234/234 MP: 26/26
 64697 | Crypt:3  | Found a basalt altar of Yredelemnul.
 64855 | Crypt:3  | Identified the +9 war axe of the Writhing Badger {heavy,
                  | rElec rC+ Dex-2}
 64855 | Crypt:3  | Identified the +1 ring mail of the Raven {rElec Str+3}
 64933 | Crypt:3  | Identified the +7 war axe "Duarej" {heavy, rC+ Stlth+}
 65161 | Crypt:3  | Found a staircase to the Tomb.
 66097 | Tomb:1   | Entered Level 1 of the Tomb of the Ancients
 66916 | Depths:1 | Entered Level 1 of the Depths
 67224 | Depths:1 | Found a hazy altar of Hepliaklqana.
 67475 | Depths:1 | Reached skill level 10 in Ranged Weapons
 67709 | Depths:1 | Identified the ring "Enazeorch" {rF+ Will+++ Dex-2 SInv
                  | Stlth-}
 69386 | Depths:1 | Found a gateway to Hell.
 69499 | Hell     | Entered the Vestibule of Hell
 69499 | Hell     | Noticed Geryon
 69921 | Vaults:5 | Reached XP level 24. HP: 177/243 MP: 23/26
 70394 | Vaults:5 | Got an engraved book
 71369 | Vaults:5 | Identified the +8 chain mail of Resilience {Int+4}
 71387 | Vaults:5 | Got a silver rune of Zot
 72637 | Tomb:1   | Acquired the amulet "Buthremi" {Reflect rElec Slay+2 SH+5}
 72916 | Tomb:1   | Noticed a royal mummy
 72925 | Tomb:1   | Killed a royal mummy
 73919 | Tomb:2   | Noticed a royal mummy
 73921 | Tomb:2   | Noticed a royal mummy
 73925 | Tomb:2   | Noticed a royal mummy
 74612 | Tomb:2   | Noticed a royal mummy
 75935 | Depths:2 | Found a one-way gate leading to the halls of Pandemonium.
 75938 | Depths:2 | Lost mutation: Your magical capacity is very low. (-20% MP)
                  | [a cacodemon]
 75941 | Depths:2 | Gained mutation: You occasionally lose the ability to drink
                  | potions when taking damage. [a cacodemon]
 76211 | Depths:2 | Identified the +11 sling of Evisceration {drain, rC+ Will+}
 77059 | Depths:3 | Noticed Parghit
 77065 | Depths:3 | Killed Parghit
 77131 | Depths:3 | Noticed Boris
 77144 | Depths:3 | Killed Boris
 77145 | Depths:3 | Reached XP level 25. HP: 201/253 MP: 28/30
 77146 | Depths:3 | Noticed Vv
 77156 | Depths:3 | Killed Vv
 79725 | Depths:3 | Found a one-way gateway to a ziggurat.
 79786 | Depths:3 | Noticed a juggernaut
 79792 | Depths:3 | Killed a juggernaut
 79792 | Depths:3 | Noticed Sojobo
 79793 | Depths:3 | Reached skill level 1 in Shapeshifting
 79822 | Depths:3 | Killed Sojobo
 80156 | Depths:3 | Noticed Jory
 80160 | Depths:3 | Killed Jory
 80163 | Depths:3 | Found a corrupted altar of Lugonu.
 80167 | Depths:3 | Found a one-way gate to the infinite horrors of the Abyss.
 80198 | Depths:3 | Reached skill level 10 in Evocations
 80262 | Depths:3 | Found a runed translucent gate.
 80262 | Depths:3 | Found a runed translucent gate.
 80262 | Depths:3 | Found a runed translucent gate.
 80263 | Depths:3 | Noticed Feloef's ghost (veteran GnWn)
 80864 | Depths:4 | Entered Level 4 of the Depths
 81544 | Depths:4 | Identified the +8 scale mail "Yckufo" {+Inv Str+2}
 81626 | Depths:4 | Found a gate to the Realm of Zot.
 82618 | Hell     | Killed Geryon
 82763 | Hell     | Found a gateway to the decaying netherworld of Tartarus.
 83122 | Hell     | Found a gateway to the freezing wastes of Cocytus.
 83225 | Hell     | Found a gateway to the Iron City of Dis.
 83860 | Hell     | Found a gateway to the ashen valley of Gehenna.
 84219 | Zot:1    | Entered Level 1 of the Realm of Zot
 84394 | Zot:1    | Found a runed translucent door.
 84397 | Zot:1    | Noticed Emoisch's ghost (adept MiFi)
 84593 | Zot:1    | Reached XP level 26. HP: 256/264 MP: 30/30
 85216 | Zot:1    | Killed Emoisch's ghost
 85225 | Zot:1    | Identified the staff "Unarghaco" {*Slow Dex+5 Conj}
 86962 | Zot:3    | Reached skill level 27 in Fighting
 86971 | Zot:3    | Reached skill level 5 in Shapeshifting
 86979 | Zot:3    | Reached skill level 27 in Axes
 88475 | Zot:4    | Noticed an ancient lich
 88485 | Zot:4    | Killed an ancient lich
 88669 | Zot:4    | Noticed a dread lich
 88674 | Zot:4    | Killed a dread lich
 88675 | Zot:4    | Reached XP level 27. HP: 263/273 MP: 31/31
 88838 | Zot:4    | Found a transporter.
 89113 | Zot:4    | Found a transporter.
 90308 | Zot:5    | Entered Level 5 of the Realm of Zot
 90946 | Zot:5    | Noticed an ancient lich
 90957 | Zot:5    | Noticed an orb of fire
 90957 | Zot:5    | Noticed a dread lich
 90959 | Zot:5    | Gained mutation: Your flesh is heat resistant. (rF+) [an
                  | orb of fire]
 91226 | Zot:5    | Reached skill level 10 in Stealth
 91233 | Zot:5    | Gained mutation: You have hidden genetic potential. [an orb
                  | of fire]
 91234 | Zot:5    | Gained mutation: You sometimes lose your temper in combat.
                  | [an orb of fire]
 91234 | Zot:5    | Gained mutation: Potions are less effective at restoring
                  | your health. [an orb of fire]
 91234 | Zot:5    | Noticed an orb of fire
 91237 | Zot:5    | Noticed an orb of fire
 91242 | Zot:5    | Noticed an ancient lich
 91244 | Zot:5    | Identified the +2 buckler of the Guild-Master {rCorr}
 91245 | Zot:5    | Noticed a dread lich
 91245 | Zot:5    | Killed an orb of fire
 91246 | Zot:5    | Noticed a dread lich
 91248 | Zot:5    | Noticed an ancient lich
 91248 | Zot:5    | Killed an orb of fire
 91249 | Zot:5    | Killed an orb of fire
 91249 | Zot:5    | Killed an ancient lich
 91249 | Zot:5    | Killed an ancient lich
 91250 | Zot:5    | Noticed a dread lich
 91251 | Zot:5    | Noticed an ancient lich
 91253 | Zot:5    | Killed a dread lich
 91256 | Zot:5    | Noticed an ancient lich
 91262 | Zot:5    | Gained mutation: You are weak. (Str -2) [mutagenic glow]
 91271 | Zot:5    | Killed a dread lich
 91271 | Zot:5    | HP: 1/273 [ancient lich/crystal spear (27)]
 91272 | Zot:5    | Killed an ancient lich
 91272 | Zot:5    | Killed from afar by a golden dragon

Illustrated notes

Levels and vault maps discovered:
D:1:      heliophobic_arrival_henge, layout_basic, feat_on_display
D:2:      layout_basic, serial_shops, nicolae_shop_gaudy_bauble,
          hellmonk_ecumenical_altar_lost_god, grunt_ministairs_7, uniq_robin
D:3:      layout_rooms, mainiacjoe_overflow_six_doors_small
D:4:      minmay_clustersquares, layout_layer_cave,
          mainiacjoe_overflow_cross_hatched, minmay_temple_entry_statues_pillars
D:5:      layout_basic, doesnt_xom_only_xom, corexii_corridor_pit
D:6:      layout_basic, mainiacjoe_overflow_paths,
          hellmonk_ghost_happy_afterlife, serial_shops, shop
D:7:      layout_rooms, mainiacjoe_overflow_alcove_1, dancing_weapons_uskayaw,
          enter_bailey_7, kennysheep_generic_room_10, uniq_duvessa,
          uniq_crazy_yiuf_cottage
D:8:      layout_cave_pools, nicolae_elyvilon_peaceful_grove,
          yredelemnul_forgotten_temple_becter, serial_shops, nicolae_shop_trees,
          shop, kennysheep_mini_moat, nicolae_stop_n_shop_2, shop,
          hangedman_decor_slide_cut, st_stairs_8, serial_bayou_pond_a
D:9:      kennysheep_kobold_camp, layout_basic, overflow_temple_1_default,
          david_orc_4, onia_ninara_cookie, uniq_jeremiah
D:10:     layout_grid_maze, amethyst_overflow_temple_binary,
          nicolae_vehumet_radiance, lair_entry_dummy,
          biasface_ghost_orc_armoury, kennysheep_small_square, uniq_lodul,
          uniq_sonja
D:11:     layout_gridville
D:12:     layout_cave_pods, mikee_hates_you
D:13:     layout_roguey, gauntlet_entry_generic, led_sif_pool
D:14:     layout_roguey, ximxim_vaults_locker_room, serial_co_window_serial,
          co_window_corner_a, co_window_corner_a, co_window_corner_a,
          co_window_paths_b, co_window_corner_a, co_window_paths_a,
          co_window_of_opportunity_a, co_window_paths_b, co_window_corner_a,
          co_window_broadway_c, co_window_of_opportunity_c, co_window_cross_3,
          co_window_corner_b, co_window_corner_cb, co_window_of_opportunity_b,
          glass_columns_c, glass_columns_b, uniq_louise
D:15:     grunt_enter_depths_giant_problem, layout_loops_ring,
          nicolae_ru_awakened_eye
Temple:   hellmonk_temple_beads
Lair:1:   layout_concentric_octagons, infiniplex_staircase_pool,
          serial_bayou_shore_b, serial_bayou_shore_a
Lair:2:   layout_cave_shapes, elwin_shoals_entry_rooms, gammafunk_ghost_arena,
          minivault_19, uniq_maggie, uniq_urug
Lair:3:   layout_cave_pods, minmay_snake_entry_six_corridors
Lair:4:   minmay_lair_oklob_chamber, layout_cave_pods,
          hellmonk_guarded_unrand_vines
Lair:5:   evilmike_catoblepas_cave, layout_long_grid, slime_entry_1,
          grunt_megastairs_2
Shoals:1: nicolae_shoals_deep_elves_summer_vacation, layout_shoals,
          serial_shops, nicolae_shop_bloodbath_and_beyond
Shoals:2: layout_shoals
Shoals:3: layout_shoals, uniq_polyphemus
Shoals:4: shoals_end_simple, layout_shoals, abandoned_shop
Snake:1:  layout_concentric_octagons, nicolae_coiled_stairwell_down,
          uniq_asterion
Snake:2:  layout_grid_maze
Snake:3:  layout_grid_shapes, nicolae_triple_integral, uniq_donald, uniq_aizul
Snake:4:  grunt_snake_rune_spirals, layout_onion, nicolae_large_snake_swirl
Slime:1:  layout_caves, nicolae_slime_phagocytosis
Slime:2:  layout_caves
Slime:3:  layout_caves
Slime:4:  layout_caves, cheibrodos_slime_lost_civilization_6
Slime:5:  slime_pit_nicolae_royal_road_to_ruin
Orc:1:    layout_caves, portal_ice_cave_entry_pillars_1
Orc:2:    st_orc_pillars, layout_caves, uniq_josephine
Elf:1:    elf_arrival_001, layout_geoelf_octagon, kennysheep_underground_church,
          uniq_norris
Elf:2:    elven_hall_of_blades_hangedman_alternative [grunt_blade_entry_basic],
          layout_loops_corners, solitary_fountain
Elf:3:    minmay_elf_hall_circle, layout_loops_corners, serial_shops,
          nicolae_shop_tiny_glass
Vaults:1: nicolae_vaults_more_shelving_1, nicolae_vaults_shrinking_rooms_2,
          v_misc_28, nicolae_vaults_network_square, nicolae_vaults_meiosis,
          nicolae_vaults_variable_pillar_hall_cross,
          nicolae_vaults_little_squares_6, nicolae_vaults_more_shelving_2,
          nicolae_vaults_cochlea, nicolae_vaults_you_can_take_it_with_you,
          vaults_room_large_hall, layout_vaults_maze, serial_shops,
          nicolae_shop_real_fake_doors
Vaults:2: nicolae_vaults_triangles, nicolae_vaults_closet_pinwheel_5,
          nicolae_vaults_mini_display_case,
          nicolae_vaults_shipping_containers_2, v_misc_19,
          nicolae_vaults_weapon_check, minmay_crypt_entry_simple_sparse,
          nicolae_vaults_storage_closets_2, v_misc_18,
          nicolae_vaults_big_angled_halls, nicolae_vaults_tetromino_L_1,
          v_misc_23, vaults_room_hallway, layout_vaults_big_cross, uniq_zenata
Vaults:3: v_misc_4, hangedman_vaults_slither, nicolae_vaults_ninety_degrees,
          nicolae_vaults_storage_closets_3,
          nicolae_vaults_taking_the_gang_shopping, vaults_room_stairs_pillars,
          v_misc_30, ontoclasm_vaults_ring_small, nicolae_vaults_double_plus_3,
          nicolae_vaults_little_squares_4, layout_vaults_omnigrid, serial_shops,
          nicolae_shop_behind_doors, uniq_mara
Vaults:4: v_misc_30, nicolae_vaults_hallways_thing, hangedman_vaults_pinch,
          vaults_mumra_lcd, v_pattern_2, nicolae_vaults_tetromino_T_2,
          nicolae_vaults_enemy_cabinets, vaults_dpeg_encased_lava,
          ontoclasm_vaults_tryst, dpeg_vaults_monster_box,
          hangedman_vaults_stagger, v_misc_16, nicolae_vaults_tangram_1,
          nicolae_vaults_trapezoid_1, ontoclasm_vaults_loading_screen,
          ontoclasm_vaults_loading_screen, layout_vaults_ring
Vaults:5: serial_shops, uniq_margery
Crypt:1:  layout_chaotic_city
Crypt:2:  layout_misc_corridors, uniq_xtahua
Crypt:3:  evilmike_haunted_forest
Tomb:1
Tomb:2
Depths:1: minmay_skeleton_keep, layout_long_grid, columned_hall_lemuel,
          hell_entry, serial_sigils_hangedman_leer, grunt_ministairs_2,
          nicolae_hepliaklqana_monster_ancestors
Depths:2: minmay_quarter_circles, layout_basic, hangedman_tar_grid_catacomb,
          glass_columns_b, grunt_pan_entry_in_and_out, chequers_big_river
Depths:3: hangedman_arch_fort, layout_gridlike, enter_ziggurat_d,
          abyss_entry_flame_altar, minmay_hedge_maze, hell_entry,
          biasface_ghost_demon_polymorph, infiniplex_staircase_split_hallway,
          uniq_boris, uniq_sojobo, uniq_jory, uniq_vv, uniq_parghit
Depths:4: evilmike_zot_entry_diamond, layout_gridlike, hell_entry,
          dk_noncrumbling_4
Hell
Zot:1:    layout_gridlike, ebering_ghost_inner_flame
Zot:2:    layout_gridlike
Zot:3:    layout_onion_interference, grunt_megastairs_3
Zot:4:    hellmonk_crystal_mountain, layout_basic, nicolae_diode_stairs
Zot:5:    layout_gridlike

Skill      XL: |  1  2  3  4  5  6  7  8  9 10 11 12 13 14 15 16 17 18 19 20 21 22 23 24 25 26 27 |
---------------+----------------------------------------------------------------------------------+-----
Fighting       | 4 5 7 8 10 15 17 18 19 20 21 22 23 24 25 26 27 | 27.0
Axes           | 3 4 5 6 7 9 11 12 13 15 16 17 18 19 20 22 23 24 25 26 27 | 27.0
Armour         | 4 5 6 7 8 9 10 12 13 14 15 16 17 18 19 20 21 22 23 | 23.0
Shields        | 4 5 6 7 8 9 10 11 12 13 14 15 16 17 18 19 20 21 | 21.8
Dodging        | 1 2 3 5 6 8 9 10 11 12 13 14 15 16 17 18 19 | 19.3
Ranged Weapons | 1 2 4 5 7 9 10 12 13 | 13.4
Throwing       | 1 2 4 5 6 |  6.0
Evocations     | 1 2 3 4 5 6 7 8 9 10 11 12 | 12.0
Invocations    | 2 5 6 7 8 9 10 11 12 13 14 15 16 17 18 | 18.2
Stealth        | 1 3 4 5 6 8 9 10 | 10.4
Shapeshifting  | 4 5 |  5.0

Action                     |  1- 3 |  4- 6 |  7- 9 | 10-12 | 13-15 | 16-18 | 19-21 | 22-24 | 25-27 || total
---------------------------+-------+-------+-------+-------+-------+-------+-------+-------+-------++-------
  Melee: War axe           |    83 |    48 |       |       |       |       |   287 |       |     2 ||   420
         Headbutt          |    11 |    14 |    37 |    80 |   219 |   245 |   217 |   293 |   229 ||  1345
         Flail             |       |    48 |   206 |   405 |   261 |       |       |       |       ||   920
         Broad axe         |       |       |       |       |   582 |   842 |   522 |  1011 |   709 ||  3666
   Fire: Sling             |       |       |       |       |       |     5 |       |       |       ||     5
         Hand cannon       |       |       |       |       |       |       |    37 |    51 |       ||    88
  Throw: Dart              |       |       |     1 |       |     7 |     1 |    20 |     1 |       ||    30
         Boomerang         |       |       |       |    16 |    18 |    28 |    33 |     8 |     8 ||   111
         Javelin           |       |       |       |       |       |     5 |       |       |     4 ||     9
 Invoke: Bend Time         |       |       |     1 |     9 |    11 |    31 |    71 |    63 |    41 ||   227
         Temporal Distorti |       |       |       |       |     2 |     1 |     2 |     3 |       ||     8
         Slouch            |       |       |       |       |     1 |     2 |     2 |     4 |     6 ||    15
         Step From Time    |       |       |       |       |       |       |     2 |     3 |       ||     5
  Evoke: Wand              |       |       |     1 |       |       |     6 |    10 |       |       ||    17
         Horn of Geryon    |       |       |       |       |       |       |       |       |     1 ||     1
    Use: Potion            |     3 |     3 |     9 |     3 |     2 |     5 |     2 |     7 |     8 ||    42
         Scroll            |     3 |     1 |     9 |     7 |     5 |     7 |     8 |    10 |    13 ||    63
   Stab: Invisible         |       |     5 |       |       |       |       |       |       |       ||     5
         Distracted        |       |       |       |       |     1 |     1 |     1 |     3 |       ||     6
         Sleeping          |       |       |       |       |       |     6 |    13 |     9 |       ||    28
 Armour: Scale mail        |    59 |     4 |       |       |       |       |       |       |       ||    63
         Quicksilver drago |       |    81 |   239 |   272 |   469 |   369 |   338 |   282 |       ||  2050
         Gold dragon scale |       |       |       |       |       |       |       |    16 |   444 ||   460
  Dodge: Dodged            |    48 |    50 |   149 |   200 |   510 |   699 |   676 |   737 |   746 ||  3815
  Block: Buckler           |    23 |     6 |       |       |       |       |       |       |       ||    29
         Kite shield       |       |    62 |   247 |   535 |  1033 |  1213 |  1119 |  1364 |  1131 ||  6704
         Reflection        |       |       |     1 |    37 |    39 |   211 |    89 |    86 |    15 ||   478

Table legend: (Time is in decaauts)
 A = Elapsed time spent in this place.
 B = Non-inter-level travel time spent in this place.
 C = Inter-level travel time spent in this place.
 D = Time resting spent in this place.
 E = Time spent auto-exploring this place.
 F = Levels seen in this place.
 G = Mean time per level.
                   A        B        C        D        E       F      G
               +--------+--------+--------+--------+--------+-----+--------+
         Total | 150044 | 118803 |  31241 |  16775 |  60877 |  62 | 2420.1 |
       Dungeon |  35699 |  23515 |  12184 |   2895 |  13291 |  15 | 2379.9 |
        Temple |     34 |      2 |     32 |      0 |      0 |   1 |   34.0 |
          Lair |  14841 |  11225 |   3616 |   1281 |   6484 |   5 | 2968.2 |
        Shoals |  10240 |   9290 |    950 |    990 |   5388 |   4 | 2560.0 |
     Snake Pit |  11500 |  10147 |   1353 |   1955 |   3053 |   4 | 2875.0 |
    Slime Pits |   4958 |   4181 |    777 |    743 |   2737 |   5 |  991.6 |
  Orcish Mines |   4013 |   2985 |   1028 |    342 |   1030 |   2 | 2006.5 |
   Elven Halls |  11674 |   9121 |   2553 |   1358 |   3308 |   3 | 3891.3 |
        Vaults |  16602 |  13624 |   2978 |   1517 |   7878 |   5 | 3320.4 |
         Crypt |   6495 |   5249 |   1246 |    343 |   3050 |   3 | 2165.0 |
          Tomb |   5061 |   4581 |    480 |   1922 |   1301 |   2 | 2530.5 |
        Depths |  12149 |   9331 |   2818 |    809 |   6274 |   4 | 3037.2 |
          Hell |   2145 |   2044 |    101 |    557 |    659 |   1 | 2145.0 |
           Zot |  10141 |   9021 |   1120 |    990 |   5642 |   5 | 2028.2 |
        Bailey |   1903 |   1903 |      0 |    636 |    102 |   1 | 1903.0 |
      Ice Cave |   1405 |   1405 |      0 |    322 |    294 |   1 | 1405.0 |
      Gauntlet |   1178 |   1178 |      0 |    112 |    383 |   1 | 1178.0 |
               +--------+--------+--------+--------+--------+-----+--------+

Top non-repeatable levels by time:
Vaults:1: 5136 daAuts
 Snake:4: 5027 daAuts
     D:9: 5019 daAuts
   Elf:3: 4369 daAuts
    D:10: 4270 daAuts
    D:14: 4231 daAuts
   Elf:2: 3900 daAuts
  Lair:2: 3824 daAuts
     D:8: 3719 daAuts
  Tomb:1: 3637 daAuts
Depths:3: 3554 daAuts
Depths:1: 3534 daAuts
 Crypt:3: 3501 daAuts
   Elf:1: 3404 daAuts
   Orc:2: 3253 daAuts
